Map: Persephone LE

Players

IIIIIIIIIIII - Winner!

  • Race: Protoss Protoss
  • Spawn Location: 11:00

hinO

  • Race: Zerg Zerg
  • League: Grandmaster
  • Spawn Location: 7:00

VOD

Have the link to the VOD?

Description

The Protoss side of the build order shows very solid benchmarks all the way to 10 minutes, with a transition into more splash via colossus.
Also demonstrated here is an appropriate expansion timings as well as an appropriate time to transition to air.
The loss of supply is due to units being lost in battle as the game progresses, refer to time stamps for benchmarks once supply gets wonky.
the comas (,) are to be ignored and serve no significance (they are typos made automatically)

Time

  • Played on: Oct. 24, 2025, 12:55 p.m.
  • Length: 21:10
Show
View Real Time Build Order
Export as new Build Order

IIIIIIIIIIII Protoss - Winner!

Build Orders: 1 Gate Expand, Oracle Opening, Carriers, Zealot Archon 

Get SALT Encoding   

  12  0:00  Probe  
  13  0:12  Probe  
  14  0:17  Pylon  
  14  0:24  Probe  
  15  0:32  Probe  
  15  0:38  Gateway  
  15  0:40  Probe  
  16  0:46  Assimilator  
  17  0:51  Probe  
  18  1:03  Probe  
  19  1:15  Probe  
  20  1:23  Nexus  
  20  1:33  Cybernetics Core  
  20  1:40  Probe  
  20  1:44  Assimilator  
  21  1:52  Probe  
  22  1:54  Pylon  
  22  2:02  Adept  
  22  2:04  Probe  
  25  2:16  Probe  
  25  2:17  Stargate  
  26  2:23  Adept  
  26  2:26  Warp Gate  
  26  2:28  Probe  
  27  2:31  Probe  
  30  2:39  Probe  
  30  2:40  Probe  
  32  2:49  Probe  
  32  2:53  Probe, Adept  
  32  2:55  Oracle  
  36  3:01  Probe  
  36  3:05  Probe  
  41  3:13  Probe  
  41  3:17  Gateway, Probe  
  43  3:20  Pylon  
  43  3:25  Probe  
  44  3:30  Oracle, Probe  
  45  3:37  Probe  
  45  3:42  Probe  
  46  3:49  Nexus  
  46  3:50  Probe  
  46  3:54  Probe  
  48  4:01  Pylon  
  48  4:02  Probe  
  49  4:06  Probe, Twilight Council  
  49  4:08  Forge  
  50  4:14  Adept  
  49  4:21  Probe x2  
  51  4:31  Nexus  
  51  4:32  Adept  
  51  4:33  Shield Battery  
  53  4:38  Gateway  
  53  4:39  Gateway, Probe x2  
  53  4:41  Assimilator  
  53  4:43  Assimilator  
  55  4:47  Blink  
  55  4:51  Probe x2  
  57  4:57  Protoss Ground Weapons Level 1  
  57  5:00  Probe x2  
  57  5:05  Gateway  
  57  5:06  Gateway  
  59  5:08  Probe x2  
  61  5:17  Probe  
  62  5:24  Pylon x2  
  62  5:29  Gateway  
  62  5:32  Pylon  
  62  5:33  Gateway  
  62  5:39  Probe x2  
  62  5:42  Probe  
  64  5:47  Probe x2  
  64  5:48  Pylon  
  65  5:54  Probe  
  65  5:56  Probe, Pylon  
  68  5:57  Probe, Stalker x2  
  74  6:05  Stalker x3  
  74  6:09  Probe  
  74  6:10  Probe  
  74  6:11  Assimilator, Probe  
  82  6:16  Assimilator  
  83  6:25  Stalker x4  
  91  6:30  Templar Archives  
  91  6:34  Shield Battery  
  91  6:35  Stalker x2  
  91  6:39  Charge  
  95  6:44  Pylon  
  95  6:46  Probe x3, Pylon  
  98  6:49  Pylon  
  98  6:56  Psionic Storm  
  98  6:58  Protoss Ground Weapons Level 2  
  98  7:07  High Templar x2  
  102  7:12  Gateway, Zealot x3  
  102  7:14  Gateway, Archon  
  108  7:17  High Templar  
  110  7:24  Zealot x2  
  110  7:28  Probe  
  110  7:29  Probe x2, Robotics Facility  
  117  7:32  Stalker  
  117  7:34  Pylon  
  117  7:36  High Templar  
  121  7:45  Zealot x5  
  131  7:52  Nexus  
  131  7:59  Photon Cannon  
  131  8:04  Photon Cannon  
  131  8:11  High Templar x3  
  137  8:13  Probe x3  
  137  8:15  Photon Cannon x2  
  140  8:20  Pylon  
  140  8:25  Probe  
  141  8:30  High Templar x2  
  141  8:33  Zealot x2  
  149  8:41  Zealot x3  
  149  8:47  Robotics Facility  
  155  8:49  Pylon x2  
  155  8:50  Robotics Bay  
  155  8:51  Probe x2  
  157  9:04  Immortal, Probe x2  
  157  9:06  High Templar x2  
  157  9:08  Probe x2  
  157  9:09  Pylon  
  169  9:11  Photon Cannon  
  169  9:12  Assimilator, Photon Cannon  
  169  9:16  Assimilator, Probe x2  
  171  9:26  Zealot x7  
  184  9:35  Colossus  
  184  9:36  Colossus  
  184  9:51  High Templar x3  
  194  9:53  Archon  
  194  9:57  Photon Cannon  
  194  9:58  Photon Cannon  
  194  10:01  Photon Cannon, Shield Battery  
  194  10:03  Zealot  
  194  10:07  Protoss Ground Weapons Level 3  
  186  10:15  Extended Thermal Lance  
  186  10:17  Pylon  
  186  10:19  Pylon  
  167  10:25  Zealot x10  
  163  10:49  Colossus x2, Zealot x8  
  173  10:50  Zealot x2  
  165  10:57  Archon  
  165  10:58  Archon x2  
  165  11:03  Assimilator, Probe x3  
  174  11:11  High Templar x5  
  174  11:13  Zealot x5  
  190  11:36  Fleet Beacon  
  190  11:38  Stargate  
  190  11:39  Nexus  
  190  11:40  Pylon  
  190  11:46  Zealot x6  
  198  12:08  Immortal x2  
  196  12:23  Stargate  
  196  12:25  Archon x2  
  168  12:37  Carrier x2  
  164  12:47  Immortal x2  
  184  12:51  Protoss Air Weapons Level 1  
  184  12:55  Photon Cannon  
  184  12:58  Photon Cannon  
  184  12:59  High Templar x6, Photon Cannon  
  184  13:00  Photon Cannon  
  184  13:02  Photon Cannon  
  184  13:04  Photon Cannon  
  184  13:05  Archon, Photon Cannon  
  196  13:08  Photon Cannon  
  196  13:12  Photon Cannon  
  196  13:13  Pylon  
  196  13:14  Zealot x2, Photon Cannon  
  196  13:18  Pylon  
  188  13:30  Zealot x2  
  182  13:39  Carrier  
  182  13:41  Zealot x8  
  198  14:04  Carrier x2  
  184  14:18  Protoss Ground Armor Level 1  
  178  14:28  Photon Cannon  
  178  14:29  Photon Cannon  
  178  14:31  High Templar x3  
  184  14:32  Photon Cannon  
  184  14:34  Zealot x7  
  198  14:44  Assimilator  
  198  14:45  Assimilator  
  198  14:46  Archon, Pylon  
  198  14:51  Protoss Air Weapons Level 2  
  198  15:06  Archon  
  190  15:11  Zealot x3  
  190  15:12  Zealot x6  
  200  15:14  Carrier x2  
  200  15:46  Photon Cannon  
  200  15:48  Photon Cannon  
  200  15:49  Photon Cannon x2  
  200  15:50  Photon Cannon  
  184  15:57  Nexus  
  184  15:58  Pylon  
  184  15:59  High Templar x7  
  184  16:00  High Templar  
  200  16:04  Archon  
  200  16:05  Archon  
  198  16:17  Protoss Ground Armor Level 2  
  194  16:23  Observer, Photon Cannon  
  194  16:24  Photon Cannon  
  194  16:25  Photon Cannon  
  195  16:28  Photon Cannon  
  195  16:29  Photon Cannon  
  195  16:31  Photon Cannon  
  195  16:32  Photon Cannon  
  195  16:35  Pylon  
  195  16:42  Carrier x2  
  171  16:49  Carrier  
  167  17:02  High Templar x8  
  167  17:03  Immortal  
  167  17:05  Probe x5  
  167  17:07  Immortal, Archon x2  
  192  17:17  Probe  
  197  17:25  High Templar  
  199  17:31  Assimilator  
  199  17:35  Assimilator  
  199  17:44  Archon  
  171  18:01  Void Ray x3  
  181  18:13  Immortal x2  
  185  18:26  Zealot x5  
  195  18:40  Archon x3  
  185  18:44  Void Ray x3  
  183  18:48  Zealot x3  
  183  18:49  Zealot x6  
  183  18:54  Immortal  
  195  19:19  Immortal  
  181  19:32  High Templar x5  
  181  19:33  High Templar x3  
  181  19:38  Zealot  
  190  19:49  Archon  
  190  19:52  Zealot  
  188  19:54  Carrier x2  
  195  20:38  Archon x2  
  183  20:48  Zealot x7  
  183  20:49  Zealot x3  
Show
View Real Time Build Order
Export as new Build Order

hinO Zerg 

Build Orders: Hatch First, Swarm Host 

Get SALT Encoding   

  12  0:00  Drone  
  13  0:12  Overlord  
  13  0:17  Drone  
  14  0:31  Drone  
  15  0:46  Hatchery  
  15  0:47  Drone  
  16  0:50  Drone  
  16  0:54  Drone  
  17  0:58  Drone  
  18  1:06  Extractor  
  17  1:13  Spawning Pool  
  17  1:16  Drone  
  17  1:20  Drone  
  18  1:30  Drone  
  19  1:42  Overlord  
  19  1:52  Drone  
  20  2:00  Queen  
  22  2:01  Zergling x2  
  22  2:02  Zergling x2  
  22  2:04  Queen  
  26  2:10  Drone  
  26  2:14  Metabolic Boost  
  27  2:17  Drone  
  27  2:22  Drone  
  29  2:24  Drone  
  30  2:31  Drone  
  30  2:36  Drone  
  32  2:44  Hatchery  
  31  2:46  Zergling x2  
  31  2:48  Zergling x2  
  33  2:53  Overlord  
  33  2:58  Drone  
  34  3:06  Drone  
  34  3:09  Drone  
  34  3:11  Overlord  
  36  3:14  Drone x4  
  36  3:15  Drone  
  41  3:20  Queen  
  41  3:25  Drone  
  41  3:36  Drone x3  
  41  3:38  Spore Crawler  
  41  3:41  Spore Crawler  
  42  3:44  Drone x3  
  42  3:48  Overlord  
  45  3:55  Drone x4  
  43  4:05  Drone  
  43  4:06  Drone  
  43  4:08  Drone  
  46  4:10  Drone  
  46  4:13  Drone  
  46  4:14  Spore Crawler  
  46  4:15  Drone  
  47  4:18  Drone x2  
  48  4:28  Drone x5  
  51  4:31  Drone x2  
  51  4:38  Drone  
  54  4:39  Drone x2  
  54  4:42  Queen  
  58  4:49  Overlord  
  58  4:50  Overlord  
  58  4:51  Drone  
  58  4:52  Drone  
  60  4:56  Overlord  
  60  4:58  Drone, Extractor  
  60  5:01  Drone x2  
  60  5:03  Evolution Chamber, Overlord  
  60  5:06  Overlord  
  61  5:08  Drone x2  
  61  5:09  Drone  
  61  5:11  Overlord  
  61  5:13  Drone x2  
  66  5:17  Zergling x2  
  66  5:20  Zergling x2  
  66  5:21  Drone x3  
  69  5:25  Lair  
  69  5:26  Zergling x4  
  73  5:31  Zergling x2  
  73  5:33  Drone x4, Zerg Melee Weapons Level 1  
  73  5:35  Drone x3, Extractor  
  80  5:36  Extractor  
  80  5:37  Drone  
  80  5:41  Spore Crawler  
  78  5:45  Drone x2  
  80  5:50  Zergling x2  
  80  5:55  Zergling x8  
  85  5:57  Extractor  
  85  5:59  Zergling x4  
  85  6:02  Zergling x2  
  88  6:04  Zergling x10  
  88  6:08  Zergling x2  
  88  6:09  Overlord x2  
  88  6:10  Hatchery  
  92  6:18  Overlord  
  92  6:21  Zergling x4  
  92  6:22  Zergling x4  
  96  6:28  Drone  
  96  6:29  Infestation Pit  
  96  6:32  Evolution Chamber  
  95  6:33  Zergling x8  
  95  6:39  Zergling x4  
  101  6:40  Zergling x2  
  101  6:43  Overseer  
  101  6:44  Overlord  
  101  6:45  Overlord  
  102  6:47  Drone  
  102  6:52  Extractor  
  102  6:55  Drone  
  102  6:56  Drone x2  
  104  7:05  Swarm Host x4  
  115  7:13  Swarm Host x7  
  136  7:15  Overlord  
  136  7:26  Overlord x3  
  136  7:28  Swarm Host  
  139  7:33  Drone  
  139  7:36  Swarm Host x4  
  152  7:42  Hydralisk Den, Overlord x2  
  151  7:46  Drone  
  151  7:47  Drone x6, Spore Crawler  
  155  7:51  Drone  
  155  7:52  Drone  
  155  7:54  Zerg Missile Weapons Level 1  
  155  7:55  Drone  
  155  7:56  Zerg Ground Armor Level 1  
  158  7:59  Drone  
  158  8:00  Drone x2  
  161  8:05  Overlord  
  161  8:10  Extractor  
  161  8:12  Extractor  
  153  8:16  Hydralisk x2  
  153  8:17  Hydralisk x5  
  153  8:18  Grooved Spines  
  167  8:31  Hydralisk x6  
  177  8:41  Hive  
  177  8:43  Hydralisk  
  178  8:52  Hydralisk x4  
  178  8:54  Overseer  
  186  8:57  Hydralisk  
  186  8:59  Drone  
  188  9:04  Drone x3  
  191  9:10  Hatchery  
  181  9:29  Overlord x3  
  181  9:30  Hydralisk  
  181  9:31  Hydralisk x6  
  180  9:37  Hydralisk  
  192  9:43  Overlord x4  
  192  9:44  Overlord  
  189  9:48  Drone x3  
  189  9:49  Drone x3, Spine Crawler  
  189  9:50  Spine Crawler  
  193  9:52  Spine Crawler  
  193  9:57  Hydralisk x3, Muscular Augments  
  198  10:06  Spine Crawler  
  197  10:12  Zerg Melee Weapons Level 2  
  197  10:13  Zerg Missile Weapons Level 2  
  197  10:15  Ultralisk Cavern  
  197  10:20  Hydralisk x3  
  200  10:27  Overseer  
  190  10:30  Drone  
  190  10:31  Drone x9  
  196  10:38  Hydralisk x6  
  184  10:49  Hydralisk x5  
  170  10:54  Hydralisk x3  
  170  10:56  Hydralisk  
  188  11:04  Chitinous Plating  
  188  11:07  Ultralisk  
  194  11:16  Ultralisk  
  197  11:26  Swarm Host  
  200  11:48  Evolution Chamber  
  200  11:50  Spine Crawler  
  200  11:51  Spine Crawler x2  
  196  11:55  Zergling x8  
  200  12:05  Unknown  
  185  12:17  Ultralisk x2, Hatchery  
  194  12:27  Hatchery  
  179  12:37  Ultralisk x3  
  179  12:43  Zerg Melee Weapons Level 3  
  179  12:44  Zerg Ground Armor Level 2, Anabolic Synthesis  
  197  12:45  Zerg Missile Weapons Level 3  
  197  12:47  Zergling x6  
  200  12:57  Overseer  
  200  12:59  Spire  
  188  13:30  Ultralisk  
  188  13:31  Ultralisk x4  
  188  13:32  Zergling x8  
  196  13:38  Ultralisk  
  196  13:39  Zergling x12  
  196  14:06  Corruptor  
  196  14:07  Corruptor  
  197  14:20  Zerg Flyer Weapons Level 1  
  197  14:34  Spine Crawler  
  197  14:36  Spine Crawler x2  
  197  14:37  Corruptor x3, Spine Crawler  
  199  14:40  Spine Crawler x2  
  199  14:44  Extractor  
  196  14:46  Extractor  
  196  14:51  Corruptor x2  
  199  14:53  Spine Crawler  
  199  14:54  Spine Crawler x2  
  199  14:55  Spine Crawler  
  194  15:01  Spore Crawler  
  188  15:11  Corruptor x8  
  188  15:12  Corruptor x5  
  192  15:19  Drone x13  
  179  15:22  Extractor x2  
  179  15:25  Ultralisk  
  179  15:27  Drone x3  
  179  15:28  Drone x3  
  174  15:31  Ultralisk  
  180  15:36  Ultralisk  
  186  15:49  Ultralisk  
  192  15:54  Hatchery  
  192  15:55  Ultralisk  
  197  16:02  Drone x4  
  195  16:07  Spine Crawler  
  195  16:10  Zerg Ground Armor Level 3  
  194  16:14  Zerg Flyer Armor Level 1  
  194  16:19  Corruptor x2  
  185  16:48  Corruptor x10  
  185  16:51  Corruptor  
  185  16:52  Zergling x14  
  170  17:02  Ultralisk  
  176  17:11  Ultralisk  
  182  17:16  Drone x4  
  182  17:21  Ultralisk  
  192  17:24  Ultralisk  
  192  17:26  Extractor  
  192  17:27  Corruptor  
  199  17:30  Overseer, Extractor  
  198  17:49  Hatchery  
  180  17:57  Zergling x42  
  164  18:04  Hatchery, Adrenal Glands  
  157  18:08  Zerg Flyer Weapons Level 2, Ultralisk  
  157  18:12  Corruptor x4  
  160  18:22  Viper x4  
  172  18:31  Zergling x14  
  179  18:39  Zergling x10  
  179  18:41  Zergling x4  
  142  18:42  Zergling x4  
  142  18:44  Zergling x4  
  121  18:56  Corruptor x3  
  127  19:10  Drone  
  127  19:11  Drone x2  
  127  19:12  Drone  
  127  19:13  Drone x8  
  139  19:20  Infestor x3  
  143  19:28  Ultralisk  
  147  19:35  Drone x2  
  147  19:36  Drone  
  150  19:42  Ultralisk  
  156  19:48  Ultralisk  
  162  19:53  Ultralisk  
  168  20:01  Ultralisk  
  174  20:09  Ultralisk  
  180  20:16  Ultralisk  
  186  20:22  Ultralisk  
  186  20:24  Corruptor  
  186  20:26  Overlord x4  
  162  20:53  Zergling x12  
  162  20:55  Overseer x3  
Tags
 
Add a new tag
Caveats
  • Supply blocks, unpowered buildings, or Contaminate may cause inaccurate times.
  • Supply counts are checked every 10 seconds.